 Dungeon Crawl Stone Soup version 0.31-a0-1589-g8f5e8aebd6 (webtiles) character file.

Game seed: 4310912791945012549

25 Flugslaktarn the Apothecary (level 3, 0/21 HPs)
             Began as an Octopode Alchemist on Jan 6, 2024.
             Frozen to death by an endoplasm (1 damage)
             ... on level 3 of the Dungeon.
             The game lasted 00:00:44 (336 turns).

Flugslaktarn the Apothecary (Octopode Alchemist)     Turns: 336, Time: 00:00:45

Health: 0/21       AC:  1    Str:  7    XL:     3   Next: 6%
Magic:  2/6        EV: 13    Int: 19    God:
Gold:   21         SH:  0    Dex: 12    Spells: 5/6 levels left

rFire   . . .        b - +0 dagger
rCold   . . .        (no shield)
rNeg    . . .        (helmet restricted)
rPois   .            (no amulet)
rElec   .            (no ring)
rCorr   .            (no ring)
SInv    .            (no ring)
Will    .....        (no ring)
Stlth   +++          (no ring)
HPRegen 0.23/turn    (no ring)
MPRegen 0.10/turn    (no ring)
                     (no ring)

%: no passive effects
@: very slightly contaminated
A: almost no armour, amphibious, 8 rings, camouflage 1, gelatinous body 1,
(nimble swimmer 1), tentacles
a: no special abilities


You were on level 3 of the Dungeon.
You visited 1 branch of the dungeon, and saw 3 of its levels.

You collected 21 gold pieces.

Inventory:

Hand Weapons
 b - a +0 dagger (weapon)
   (You took it off a kobold on level 2 of the Dungeon)
 c - a +0 sling of electrocution
   (You took it off a goblin on level 2 of the Dungeon)
Jewellery
 o - a ring of poison resistance
   (You found it on level 2 of the Dungeon)
Potions
 a - a potion of magic
 d - a potion of berserk rage {unknown}


   Skills:
 - Level 2.0 Dodging
 - Level 2.6 Stealth
 + Level 2.4 Spellcasting
 - Level 1.0 Conjurations
 * Level 4.2 Alchemy


You had 5 spell levels left.
You knew the following spells:

 Your Spells              Type           Power      Damage    Failure   Level
a - Sting                 Conj/Alch      48%        1d6       5%          1

Your spell library contained the following spells:

 Spells                   Type           Power      Damage    Failure   Level
 Mercury Vapours          Alch/Air       20%        N/A       11%         2
 Static Discharge         Conj/Air       8%         3-4/arc   21%         2
 Mephitic Cloud           Conj/Alch/Air  8%         N/A       24%         3
 Olgreb's Toxic Radiance  Alch           18%        N/A       28%         4
 Sticky Flame             Fire/Alch      10%        2d5       56%         4
 Airstrike                Air            1%         2d(1-17)  85%         4
 Summon Lightning Spire   Summ/Air       2%         N/A       85%         4


Dungeon Overview and Level Annotations

Branches:
Dungeon (3/15)

Altars:

Annotations:
D:2 Terence


Innate Abilities, Weirdness & Mutations

You cannot wear most types of armour.
You are amphibious.
You can wear up to eight rings at the same time.
Your skin changes colour to match your surroundings (Stealth+).
Your rubbery body absorbs attacks. (AC +1, EV +1)
((You are camouflaged when in or above water. (Stealth+)))
You have tentacles for arms and can constrict up to eight enemies at once.


Message History

The quokka is severely wounded.
You kill the quokka!
You have reached level 3!
Your experience leads to an increase in your attributes!
Increase (s)trength, (i)ntelligence, or (d)exterity?
You feel clever. x2
You now have 11 gold pieces (gained 6).
Found an escape hatch in the floor.
Unknown command.
A giant cockroach comes into view.
Found 10 gold pieces.
Unknown command.
The giant cockroach barely misses you.
Casting: Sting (safe; 5% risk of failure)
Confirm with . or Enter, or press ? or * to list all spells.
Aiming: Sting (safe; 5% risk of failure)
Press: ? - help, Shift-Dir - straight line, f - giant cockroach
Aim: a giant cockroach (71% to hit)
The sting hits the giant cockroach but does no damage.
The giant cockroach is poisoned.
The giant cockroach barely misses you.
The giant cockroach bites you but does no damage.
You hit the giant cockroach.
You kill the giant cockroach!
You see here a giant cockroach corpse.
No target in view!
No target in view!
No target in view!
You now have 21 gold pieces (gained 10).
An endoplasm comes into view.
Unknown command.
A bat comes into view.
Casting: Sting (safe; 5% risk of failure)
Confirm with . or Enter, or press ? or * to list all spells.
Aiming: Sting (safe; 5% risk of failure)
Press: ? - help, Shift-Dir - straight line, f - bat
Aim: a bat (57% to hit)
The sting hits the bat but does no damage.
The bat is poisoned.
The bat hits you but does no damage.
Casting: Sting (safe; 5% risk of failure)
Confirm with . or Enter, or press ? or * to list all spells.
Aiming: Sting (safe; 5% risk of failure)
Press: ? - help, Shift-Dir - straight line, f/p - bat
Aim: a bat (poisoned, 57% to hit)
The sting hits the bat but does no damage.
The bat looks even sicker.
The bat barely misses you. The bat closely misses you.
The bat completely misses you. The endoplasm freezes you.
You are frozen.
You barely miss the endoplasm.
You squeeze the endoplasm, but do no damage.
The bat hits you. The endoplasm hits you. The bat hits you but does no damage.
You hit the endoplasm.
The endoplasm is moderately wounded.
The bat completely misses you. The bat hits you but does no damage.
The endoplasm freezes you.
You are frozen.
You hit the bat but do no damage. Your grab misses the bat.
Your squeeze misses the bat.
The bat is severely wounded.
The bat closely misses you. The endoplasm completely misses you.
You hit the endoplasm but do no damage.
The endoplasm is lightly wounded.
You kill the bat!
The endoplasm freezes you.
You are frozen.
Casting: Sting (safe; 5% risk of failure)
Confirm with . or Enter, or press ? or * to list all spells.
Aiming: Sting (safe; 5% risk of failure)
Press: ? - help, Shift-Dir - straight line, f - endoplasm
Aim: an endoplasm (lightly wounded, 98% to hit)
The sting hits the endoplasm.
The endoplasm partially resists.
The endoplasm is moderately wounded.
The endoplasm freezes you.
You are frozen.
* * * LOW HITPOINT WARNING * * *
Casting: Sting (safe; 5% risk of failure)
Confirm with . or Enter, or press ? or * to list all spells.
Aiming: Sting (safe; 5% risk of failure)
Press: ? - help, Shift-Dir - straight line, f/p - endoplasm
Aim: an endoplasm (moderately wounded, 98% to hit)
You miscast Sting.
You are very lightly contaminated with residual magic.
Nothing appears to happen.
The endoplasm hits you.
* * * LOW HITPOINT WARNING * * *
Casting: Sting (safe; 5% risk of failure)
Confirm with . or Enter, or press ? or * to list all spells.
Aiming: Sting (safe; 5% risk of failure)
Press: ? - help, Shift-Dir - straight line, f/p - endoplasm
Aim: an endoplasm (moderately wounded, 98% to hit)
The sting hits the endoplasm.
The endoplasm is poisoned.
The endoplasm is heavily wounded.
The endoplasm hits you.
* * * LOW HITPOINT WARNING * * *
You barely miss the endoplasm.
The endoplasm is heavily wounded.
The endoplasm freezes you.
You are frozen.
You die...

#### ..# ..# #.# #.#
######### #
#.####........
#.#...@J........
...##.#.####.######.
..........##.#
#.#.#.##.
......#.#.##.#
##.#.#....
......#†#.##.#
#.........
...##.#.#.##.#
#..#.#.#.. .#
#.#...##.# #........
#..##.##.# #..#.#.#
##.##.##.#####.#...##.#


You could see an endoplasm (poisoned).

Vanquished Creatures
  A dart slug (D:1)
  2 giant cockroaches
  A goblin (D:2)
  A hobgoblin (D:2)
  8 jackals
  A kobold (D:2)
  2 quokkas
  A bat (D:3)
  2 frilled lizards
19 creatures vanquished.

Notes
Turn   | Place    | Note
-------+----------+-------------------------------------------
     0 | D:1      | Flugslaktarn the Octopode Alchemist began the quest for the
                  | Orb.
     0 | D:1      | Reached XP level 1. HP: 11/11 MP: 3/3
    59 | D:2      | Noticed Terence
   113 | D:2      | Reached XP level 2. HP: 17/17 MP: 1/5
   214 | D:2      | Reached skill level 4 in Alchemy
   287 | D:3      | Reached XP level 3. HP: 13/21 MP: 4/6
   335 | D:3      | HP: 1/21 [endoplasm (1)]
   336 | D:3      | Frozen to death by an endoplasm

Illustrated notes

Levels and vault maps discovered:
D:1:      minmay_arrival_semitransparent, layout_basic,
          shapermc_ecumenical_altar_pompeii
D:2:      layout_rooms, minmay_stone_trees_large, uniq_natasha, uniq_terence,
          uniq_robin
D:3:      layout_loops_ring, kiku_gazebo_pond_becter,
          nicolae_ru_sacrificial_ziggurat

Skill      XL: |  1  2 |
---------------+-------+-----
Alchemy        | 4 |  4.2
Dodging        | |  2.0
Stealth        | |  2.6
Spellcasting   | |  2.4
Conjurations   | |  1.0

Action                     || total
---------------------------++-------
  Melee: Unarmed           ||     3
         Constrict         ||    11
         Dagger            ||    32
         Tentacles         ||     5
   Fire: Sling             ||     8
   Cast: Sting             ||    19
 Armour: Skin              ||    26
  Dodge: Dodged            ||    38

Table legend: (Time is in decaauts)
 A = Elapsed time spent in this place.
 B = Non-inter-level travel time spent in this place.
 C = Inter-level travel time spent in this place.
 D = Time resting spent in this place.
 E = Time spent auto-exploring this place.
 F = Levels seen in this place.
 G = Mean time per level.
                   A        B        C        D        E       F      G
               +--------+--------+--------+--------+--------+-----+--------+
         Total |    337 |    319 |     18 |     42 |    114 |   3 |  112.3 |
       Dungeon |    337 |    319 |     18 |     42 |    114 |   3 |  112.3 |
               +--------+--------+--------+--------+--------+-----+--------+

Top non-repeatable levels by time:
     D:2: 143 daAuts
     D:1: 106 daAuts
     D:3: 87 daAuts
